 Seeded DCSS version 0.31-a0-848-gaac375c287 (webtiles) character file.

Game seed: 20231006 (custom seed)

1330 Danienth the Trooper (level 8, -5/71 HPs)
             Began as a Minotaur Fighter on Oct 5, 2023.
             Was a Believer of Dithmenos.
             Slain by an orc warrior
             ... wielding a +0 halberd
              (14 damage)
             ... on level 6 of the Dungeon.
             The game lasted 00:09:08 (2649 turns).

Danienth the Trooper (Minotaur Fighter)             Turns: 2649, Time: 00:09:11

Health: -5/71      AC:  9    Str: 23    XL:     8   Next: 34%
Magic:  7/7        EV:  8    Int:  4    God:    Dithmenos [**....]
Gold:   142        SH:  5    Dex: 19    Spells: 7/7 levels left

rFire   . . .        a - +0 war axe
rCold   . . .        c - +0 buckler
rNeg    . . .        r - +0 chain mail {Will+}
rPois   .            (helmet restricted)
rElec   .            (no cloak)
rCorr   .            (no gloves)
SInv    .            (no boots)
Will    +....        (no amulet) Stlth
                     f - +6 ring of dexterity
HPRegen 0.31/turn    (no ring)
MPRegen 0.10/turn

%: no passive effects
@: wreathed by umbra
A: horns 2, retaliatory headbutt, agile 1
a: Renounce Religion, Shadow Step


You were on level 6 of the Dungeon.
You worshipped Dithmenos.
Dithmenos was pleased with you.
You visited 1 branch of the dungeon, and saw 6 of its levels.

You collected 252 gold pieces.
You spent 110 gold pieces at shops.

Inventory:

Hand Weapons
 a - a +0 war axe (weapon)
 p - a +1 dagger of speed
 t - a +0 dagger of venom
 w - a +2 short sword of venom
Missiles
 e - 6 poisoned darts (quivered)
 y - 4 javelins
Armour
 b - a +0 scale mail
 c - a +0 buckler (worn)
 g - an orb of guile
 r - a +0 chain mail of willpower (worn)
Jewellery
 f - a +6 ring of dexterity (left hand)
 z - a ring of protection from cold
 B - a ring of see invisible
Wands
 d - a wand of polymorph (7)
 A - a wand of quicksilver (6)
Scrolls
 i - 5 scrolls of identify {unknown}
 k - 4 scrolls of revelation {unknown}
 l - 2 scrolls of amnesia {unknown}
 q - a scroll of noise {unknown}
 u - a scroll of vulnerability {unknown}
 x - a scroll of acquirement {unknown}
Potions
 h - a potion of invisibility {unknown}
 j - a potion of curing {unknown}
 m - a potion of resistance {unknown}
 n - 2 potions of enlightenment {unknown}
 o - a potion of attraction {unknown}
 s - a potion of lignification {unknown}
 v - a potion of haste {unknown}


   Skills:
 + Level 6.3 Fighting
 * Level 5.9 Short Blades
 - Level 3.3 Axes
 * Level 5.7 Throwing
 - Level 3.6 Armour
 + Level 3.2 Stealth
 - Level 3.6 Shields


You had 7 spell levels left.
You didn't know any spells.
Your spell library contained the following spells:

 Spells                   Type           Power      Damage    Failure   Level
 Tukima's Dance           Hex            0%         N/A       100%        3
 Dimensional Bullseye     Hex/Tloc       0%         N/A       100%        4
 Iskenderun's Mystic Bla  Conj/Tloc      0%         2d3       100%        4


Dungeon Overview and Level Annotations

Branches:
Dungeon (6/15)
 Temple: D:4-7

Altars:
Dithmenos

Shops:
D:2 (


Innate Abilities, Weirdness & Mutations

You have a pair of horns on your head.
You reflexively headbutt those who attack you in melee.
You are agile. (Dex +4, Str/Int -1)


Message History

You barely miss the orc. You closely miss the orc wizard.
The orc warrior hits you with a +0 halberd.
The orc completely misses you.
The orc wizard hits you but does no damage.
The orc warrior hits you with a +0 halberd!
* * * LOW HITPOINT WARNING * * *
The orc hits you but does no damage.
Cleave: a) +0 war axe
Press: ? - help, Dir - move target, f/p - orc warrior
Aim: an orc warrior, wielding a +0 halberd and wearing a +0 plate armour (heavily wounded, very poisoned, umbra, about 37% to evade your +0 war axe)
You hit the orc warrior.
The orc warrior is severely wounded.
You hit the orc but do no damage. You barely miss the orc wizard.
The orc wizard mumbles some strange words.
The orc wizard flickers and vanishes!
Deactivating autopickup; reactivate with Ctrl-A.
The orc warrior closely misses you. You block the orc's attack.
Cleave: a) +0 war axe
Press: ? - help, Dir - move target, f/p - orc warrior
Aim: an orc warrior, wielding a +0 halberd and wearing a +0 plate armour (severely wounded, poisoned, umbra, about 37% to evade your +0 war axe)
You hit the orc warrior.
The orc warrior is severely wounded.
You hit the orc but do no damage. You closely miss something.
Something hits you.
* * * LOW HITPOINT WARNING * * *
The orc warrior closely misses you. The orc hits you but does no damage.
Something hits you but does no damage.
Cleave: a) +0 war axe
Press: ? - help, Dir - move target, f/p - orc warrior
Aim: an orc warrior, wielding a +0 halberd and wearing a +0 plate armour (severely wounded, poisoned, umbra, about 37% to evade your +0 war axe)
You hit the orc warrior.
The orc warrior is severely wounded.
You miss something. You slash the orc!
You kill the orc!
Dithmenos accepts your kill.
The orc warrior hits you with a +0 halberd!
* * * LOW HITPOINT WARNING * * *
Something hits you but does no damage.
The orc warrior hits you with a +0 halberd!
You die...

#.### # #...#
# ###.## # #
#....##
.#.###.....#
P~~~~~....#.#
P~~PPP....##..
~~~~~...###
### P~P~~So@#
~PP~~~o{#
≈~P~~....
~P~~P....#
~~~~~....#
~~P~~~...#
~P~~~~...#
~P~P~~...#


You could see an orc warrior (poisoned), an electric eel and an orc.

Vanquished Creatures
  Grinder (D:5)
  2 water moccasins (D:6)
  2 black bears (D:6)
  An ogre (D:6)
  3 phantoms
  A bullfrog (D:6)
  A hound (D:6)
  A gnoll bouda (D:6)
  A jelly (D:5)
  2 sleepcaps (D:5)
  An iguana (D:5)
  An orc wizard (D:6)
  5 gnolls (D:6)
  7 adders
  2 shadow imps (D:5)
  An ufetubus (D:5)
  A worm (D:5)
  2 dart slugs (D:2)
  5 orcs
  4 ball pythons
  4 endoplasms
  2 giant cockroaches
  2 goblins
  3 hobgoblins
  2 jackals (D:2)
  3 quokkas
  5 bats
  2 frilled lizards
  2 kobolds
  4 rats
73 creatures vanquished.

Notes
Turn   | Place    | Note
-------+----------+-------------------------------------------
     0 | D:1      | Danienth the Minotaur Fighter began the quest for the Orb.
     0 | D:1      | Reached XP level 1. HP: 19/19 MP: 0/0
   173 | D:1      | Reached XP level 2. HP: 27/27 MP: 1/1
   295 | D:1      | Reached skill level 4 in Fighting
   295 | D:1      | Reached skill level 1 in Throwing
   677 | D:2      | Reached XP level 3. HP: 33/33 MP: 2/2
   684 | D:2      | Found a faded altar of an unknown god.
   698 | D:2      | Prayed at the altar of an unknown god.
   698 | D:2      | Became a worshipper of Dithmenos the Shadowed
   698 | D:2      | Reached * piety under Dithmenos
   845 | D:2      | Found Cyzopp's Antique Weapon Emporium.
   849 | D:2      | Bought a glowing dagger for 110 gold pieces
  1247 | D:4      | Reached XP level 4. HP: 41/41 MP: 3/3
  1297 | D:4      | Reached skill level 1 in Short Blades
  1307 | D:4      | Noticed a phantom
  1322 | D:4      | Killed a phantom
  1323 | D:4      | Reached skill level 1 in Stealth
  1323 | D:4      | Reached XP level 5. HP: 44/47 MP: 4/4
  1329 | D:5      | Entered Level 5 of the Dungeon
  1453 | D:5      | Noticed a phantom
  1473 | D:5      | Killed a phantom
  1474 | D:5      | Reached skill level 5 in Fighting
  1474 | D:5      | Reached XP level 6. HP: 54/56 MP: 5/5
  1567 | D:5      | Reached ** piety under Dithmenos
  1918 | D:5      | Noticed Grinder
  1941 | D:5      | Killed Grinder
  1942 | D:5      | Reached XP level 7. HP: 53/61 MP: 6/6
  2382 | D:6      | Gained mutation: You are agile. (Dex +4, Str/Int -1)
                  | [potion of mutation]
  2383 | D:6      | Reached skill level 6 in Fighting
  2383 | D:6      | Reached skill level 5 in Short Blades
  2383 | D:6      | Reached skill level 5 in Throwing
  2411 | D:6      | Reached XP level 8. HP: 51/70 MP: 7/7
  2649 | D:6      | Slain by an orc warrior

Illustrated notes

Levels and vault maps discovered:
D:1:      dpeg_arrival_simpleton_b, layout_loops_ring
D:2:      minmay_recursive_quarters, layout_basic,
          ebering_ecumenical_altar_sacrificial, serial_shops,
          nicolae_shop_peninsula, shop, nicolae_shop_advertising_works
          [nicolae_subvault_shop_adworks], nicolae_shop_tiny_real_fake_doors
D:3:      layout_loops_ring, tgw_trog, mainiacjoe_overflow_brackets,
          hellmonk_ghost_happy_afterlife, saegor_snake_ambush
D:4:      kennysheep_kobold_camp, layout_basic, nicolae_overflow_crystal_walls,
          lemuel_temple_firewalk_a, uniq_natasha, uniq_menkaure, uniq_sigmund
D:5:      layout_layer_cave, uniq_grinder
D:6:      layout_loops_ring, serial_bayou, serial_bayou_shore_b,
          serial_bayou_pond_c, serial_bayou_shore_a, serial_bayou_pond_e

Skill      XL: |  1  2  3  4  5  6  7  8 |
---------------+-------------------------+-----
Fighting       | 4 5 6 |  6.3
Throwing       | 1 2 3 4 5 |  5.7
Axes           | 3 |  3.3
Short Blades   | 2 3 5 |  5.9
Stealth        | 1 2 3 |  3.2
Armour         | |  3.6
Shields        | |  3.6

Action                     |  1- 3 |  4- 6 |  7- 9 || total
---------------------------+-------+-------+-------++-------
  Melee: War axe           |    56 |       |     5 ||    61
         Headbutt          |    10 |    27 |    35 ||    72
         Dagger            |    21 |   107 |   109 ||   237
         Short sword       |       |       |    18 ||    18
    Use: Potion            |       |       |     2 ||     2
 Armour: Scale mail        |    46 |       |       ||    46
         Chain mail        |     5 |    36 |    75 ||   116
  Dodge: Dodged            |    34 |    21 |    31 ||    86
  Block: Buckler           |    19 |    14 |    25 ||    58

Table legend: (Time is in decaauts)
 A = Elapsed time spent in this place.
 B = Non-inter-level travel time spent in this place.
 C = Inter-level travel time spent in this place.
 D = Time resting spent in this place.
 E = Time spent auto-exploring this place.
 F = Levels seen in this place.
 G = Mean time per level.
                   A        B        C        D        E       F      G
               +--------+--------+--------+--------+--------+-----+--------+
         Total |   2566 |   2468 |     98 |    212 |   1759 |   6 |  427.7 |
       Dungeon |   2566 |   2468 |     98 |    212 |   1759 |   6 |  427.7 |
               +--------+--------+--------+--------+--------+-----+--------+

Top non-repeatable levels by time:
     D:1: 626 daAuts
     D:6: 617 daAuts
     D:5: 612 daAuts
     D:2: 495 daAuts
     D:4: 184 daAuts
     D:3: 29 daAuts
